AoeStats
← The Crusader

Arabia

510329844Analyzed
1v1 RM · 1d ago on Sep 30, 2026· 19m 26s· 2 players
Game mode
Random Map
Map size
Tiny (2 player)
Population
200
Speed
Normal
Resources
Standard
Victory
Conquest
Starting age
Dark Age
Ending age
Imperial Age
RankedLock teamsTeams togetherTeam positionsShared explorationLock speedFull tech treeHidden civsTurbo modeCheats
Victory
Defeat
1850
+11
🇺🇸 Berbers · United States
1749
-11
The Crusader
6:26 Loom
9:33 Feudal Age
10:11 Double-Bit Axe
15:10 Fletching
16:53 Horse Collar
GdR | ChiattoneDevastante
6:50 Loom
9:39 Feudal Age
10:08 Man-at-Arms
15:34 Fletching
16:55 Double-Bit Axe
17:23 Padded Archer Armor
Connection lost

Rejoining the realm…

Still unreachable

The connection could not be restored.

Session expired

The server has moved on; the page needs a fresh start.